[Event "*** Titled Tuesday Blitz"]
[Site "Chess.com"]
[Date "2021.03.09"]
[Round "3"]
[White "davigator"]
[Black "Vandros57"]
[Result "1-0"]
[WhiteElo "2384"]
[BlackElo "2200"]
[TimeControl "180+1"]
[EndTime "10:26:49 PST"]
[Termination "davigator won by resignation"]

1. e4 c5 2. Nf3 Nc6 3. d4 cxd4 4. Nxd4 e5 5. Nb5 a6 6. Nd6+ Bxd6 7. Qxd6 Qe7 8. Qd1 Nf6 9. Nc3 h6 10. Bc4 O-O 11. O-O b5 12. Bd5 Nxd5 13. Nxd5 Qc5 14.
Be3 Qc4 15. f3 Nd4 16. Nb6 Qxc2 17. Bxd4 Qc6 18. Nxa8 exd4 19. Qxd4 Qxa8 20. Qd6 Qc6 21. Rfd1 Bb7 22. Qxd7 Qc5+ 23. Qd4 Qg5 24. Rac1 Bc8 25.
Rc5 Qf4 26. Qd2 Qf6 27. Rdc1 Be6 28. b3 Rd8 29. Qf2 Qf4 30. R5c2 g5 31. Re1 Rd2 32. Qxd2 1-0

[Event "*** Titled Tuesday Blitz"]
[Site "Chess.com"]
[Date "2021.03.09"]
[Round "3"]
[White "andrewtnb"]
[Black "axvesik"]
[Result "1/2-1/2"]
[WhiteElo "2329"]
[BlackElo "2520"]
[TimeControl "180+1"]
[EndTime "10:26:51 PST"]
[Termination "Game drawn by agreement"]

1. d4 Nf6 2. c4 e6 3. Nc3 Bb4 4.
e3 O-O 5. Ne2 d5 6. a3 Be7 7. cxd5 exd5 8. Ng3 Re8 9. Be2 Nbd7 10. O-O c5 11. dxc5 Nxc5 12. b4 Nce4 13. Bb2 Be6 14.
Bb5 Bd7 15. Bxd7 Qxd7 16. Nxd5 Qxd5 17. Qxd5 Nxd5 18. Nxe4 Bxb4 19. axb4 Rxe4 20. Bd4 Nxb4 21. Rfb1 Nc6 22. Rxb7 Nxd4 23. exd4 Rxd4 24. g3 g6 25.
Raxa7 Rxa7 1/2-1/2

[Event "*** Titled Tuesday Blitz"]
[Site "Chess.com"]
[Date "2021.03.09"]
[Round "3"]
[White "BvsN"]
[Black "Natalya_Buksa"]
[Result "0-1"]
[WhiteElo "2312"]
[BlackElo "2525"]
[TimeControl "180+1"]
[EndTime "10:26:53 PST"]
[Termination "Natalya_Buksa won by checkmate"]

1. c4 e6 2. Nc3 d5 3. d4 Be7 4. cxd5 exd5 5. Bf4 Nf6 6. e3 Bf5 7. Nge2 O-O 8. Ng3 Be6 9. Bd3 c5 10. O-O Nc6 11. dxc5 Bxc5 12. Rc1 d4 13. Nce4 Be7 14. Nxf6+ Bxf6 15. Ne4 Be7 16. Bc4 Bxc4 17. Rxc4 Qd5 18. Qd3 Rad8 19. exd4 Nxd4 20. Rc7 Rfe8 21. Nc3 Qh5 22. Re1 Bb4 23. Rxe8+ Rxe8 24. Qh3 Re1# 0-1

[Event "*** Titled Tuesday Blitz"]
[Site "Chess.com"]
[Date "2021.03.09"]
[Round "3"]
[White "Papa12341234"]
[Black "Zhuu96"]
[Result "0-1"]
[WhiteElo "2605"]
[BlackElo "2860"]
[TimeControl "180+1"]
[EndTime "10:26:58 PST"]
[Termination "Zhuu96 won by resignation"]

1. Nf3 Nf6 2. e3 g6 3. b3 Bg7 4. Bb2 O-O 5. Be2 c5 6. O-O d5 7. d4 cxd4 8. exd4 Nc6 9. Nbd2 Bg4 10. Ne5 Bxe2 11. Qxe2 Rc8 12. Nxc6 Rxc6 13. c4 e6 14. c5 Re8 15. b4 Nd7 16. f4 Rc8 17. a4 a5 18. Nb3 axb4 19. Qb5 b6 20. c6 Nf6 21. Rac1 Bf8 22. a5 bxa5 23. Nxa5 Ne4 24. c7 Qf6 25.
Qd7 Qe7 26. Qb5 Nd6 27. Qb6 Qd7 28. Rc6 Ra8 29. Rfc1 Rec8 30. Nb7 Nc4 31. R1xc4 dxc4 32. Nd6 Bxd6 33. Rxd6 Qxc7 34. Qxb4 c3 35. Bc1 Ra1 0-1

[Event "*** Titled Tuesday Blitz"]
[Site "Chess.com"]
[Date "2021.03.09"]
[Round "3"]
[White "seorobert1971"]
[Black "Gerasimenyuk_Miha"]
[Result "1/2-1/2"]
[WhiteElo "2720"]
[BlackElo "2441"]
[TimeControl "180+1"]
[EndTime "10:27:01 PST"]
[Termination "Game drawn by agreement"]

1. Nf3 c6 2. c4 d5 3. d4 Nf6 4. e3 Bg4 5. h3 Bxf3 6. Qxf3 e6 7.
Nc3 Bd6 8. Bd3 Nbd7 9. O-O O-O 10. Qd1 e5 11. cxd5 cxd5 12. dxe5 Nxe5 13. Be2 Rc8 14.
Nxd5 Bb8 15. Nxf6+ Qxf6 16. e4 Rfd8 17. Qb3 Qd6 18. Bf4 Nf3+ 19. Qxf3 Qxf4 20. Qxf4 Bxf4 21. Rfd1 g6 22. g3 Be5 23. f4 Bxb2 24. Rab1 Rxd1+ 25. Rxd1 Rc2 26. Bd3 Bd4+ 27. Kh1 Rxa2 28. Bc4 Ra1 29.
Rxa1 Bxa1 30. Kg2 a6 31. e5 b5 32. Bd5 a5 33. Bc6 b4 34. Ba4 Kf8 35. Kf3 Ke7 36. Ke4 f6 37. exf6+ Kxf6 38. g4 h6 39. h4 g5 40.
fxg5+ hxg5 41. hxg5+ Kxg5 42. Kd3 Kxg4 43. Kc2 Kf4 44.
Kb3 Ke4 45. Bb5 Kd4 46. Ba4 Kc5 47. Be8 1/2-1/2

[Event "*** Titled Tuesday Blitz"]
[Site "Chess.com"]
[Date "2021.03.09"]
[Round "3"]
[White "urutodo"]
[Black "Maddie"]
[Result "1-0"]
[WhiteElo "2307"]
[BlackElo "2066"]
[TimeControl "180+1"]
[EndTime "10:27:01 PST"]
[Termination "urutodo won by resignation"]

1. e4 c6 2. d4 d5 3. Nc3 dxe4 4. Nxe4 Nd7 5. Nf3 Ngf6 6. Nxf6+ Nxf6 7. g3 Bg4 8. Bg2 e6 9. O-O Be7 10. c3 O-O 11.
Qb3 Qc8 12. Ne5 Bf5 13. Bf4 Nd5 14. Bd2 b5 15. a4 a6 16. c4 Nb6 17. Nxc6 Bf6 18. axb5 axb5 19. Rxa8 Nxa8 20. Qxb5 Nc7 21. Qb3 Bg6 22. Be3 Qa6 23. Qc3 Qb6 24. b4 Qa6 25. b5 Qc8 26. Ra1 Ne8 27. b6 Nd6 28. c5 Nb7 29. Ra7 Nd8 30. Nxd8 Bxd8 31. b7 Qc7 32.
Bf4 1-0

[Event "*** Titled Tuesday Blitz"]
[Site "Chess.com"]
[Date "2021.03.09"]
[Round "3"]
[White "lacafi"]
[Black "Eloist"]
[Result "1-0"]
[WhiteElo "2144"]
[BlackElo "2314"]
[TimeControl "180+1"]
[EndTime "10:27:02 PST"]
[Termination "lacafi won by checkmate"]

1. d4 e6 2. Nf3 Nf6 3. e3 b6 4. Bd3 Bb7 5. Nbd2 c5 6. Qe2 Nc6 7. c3 d5 8. O-O Bd6 9. dxc5 bxc5 10. e4 Be7 11. e5 Nd7 12. Re1 O-O 13. Nf1 a5 14. Ng3 Re8 15. Nh5 Nf8 16. Qe3 d4 17. Qf4 Ng6 18. Bxg6 hxg6 19. Nxg7 Kxg7 20. Qh6+ Kg8 21.
Ng5 Bxg5 22. Bxg5 f6 23. Qxg6+ Kf8 24. Bh6+ Ke7 25. Qg7# 1-0

[Event "*** Titled Tuesday Blitz"]
[Site "Chess.com"]
[Date "2021.03.09"]
[Round "3"]
[White "sau6on"]
[Black "volunteers1998"]
[Result "1-0"]
[WhiteElo "2504"]
[BlackElo "2189"]
[TimeControl "180+1"]
[EndTime "10:27:08 PST"]
[Termination "sau6on won by resignation"]

1. e4 c5 2. Nf3 Nc6 3. d4 cxd4 4.
Nxd4 Nf6 5. Nc3 e5 6. Ndb5 d6 7. Bg5 a6 8. Na3 b5 9. Bxf6 gxf6 10. Nd5 f5 11. c3 Be6 12. exf5 Bxf5 13. Nc2 Bg7 14.
Nce3 Be6 15. a4 bxa4 16. Qxa4 Rc8 17. Bxa6 O-O 18. Bxc8 Qxc8 19. Qxc6 Qxc6 20. Ne7+ Kh8 21. Nxc6 Rc8 22. Nb4 f5 23. Ra6 Bf8 24. O-O f4 25.
Ned5 Kg7 26. Rfa1 Rc5 27. Ra7+ Kg6 28. Rd1 Kf5 29. Rxh7 Kg6 30. Ra7 Bf5 31. Ne7+ Bxe7 32. Rxe7 Kf6 33. Ra7 e4 34. Rxd6+ 1-0

[Event "*** Titled Tuesday Blitz"]
[Site "Chess.com"]
[Date "2021.03.09"]
[Round "3"]
[White "TigrVShlyape"]
[Black "Gerodot71"]
[Result "1-0"]
[WhiteElo "2832"]
[BlackElo "2575"]
[TimeControl "180+1"]
[EndTime "10:27:10 PST"]
[Termination "TigrVShlyape won by resignation"]

1. d4 Nf6 2. Nf3 d5 3. Bf4 c5 4. e3 Nc6 5. Nbd2 Bf5 6. dxc5 e6 7. Nd4 Bxc5 8. Nxf5 exf5 9. c3 O-O 10. Be2 Ne4 11. Nxe4 dxe4 12. Qxd8 Rfxd8 13. Rd1 Kf8 14. h3 g6 15. g4 Ne7 16. Bh6+ Kg8 17. Bc4 fxg4 18. hxg4 Nc6 19. Bf4 Kg7 20. Ke2 f6 21. Bd5 Re8 22. Bh6+ Kh8 23. Bxc6 bxc6 24. Rd7 g5 25. Bg7+ Kg8 26.
Bxf6 1-0

[Event "*** Titled Tuesday Blitz"]
[Site "Chess.com"]
[Date "2021.03.09"]
[Round "3"]
[White "igorkovalenko"]
[Black "kleopl"]
[Result "1-0"]
[WhiteElo "2939"]
[BlackElo "2483"]
[TimeControl "180+1"]
[EndTime "10:27:10 PST"]
[Termination "igorkovalenko won by resignation"]

1. e4 c6 2. Nc3 d5 3. Nf3 Nf6 4.
e5 Ne4 5. Ne2 Bg4 6. Nfg1 Bxe2 7. Bxe2 e6 8. d3 Nc5 9. f4 Ncd7 10. Nf3 c5 11. h4 h5 12. c4 d4 13. g3 Nc6 14.
Ng5 g6 15. Ne4 Be7 16. Bf3 Qc7 17. a3 a5 18. b3 Qb6 19. Bd2 O-O-O 20. Rb1 Kb8 21.
O-O f6 22. exf6 Nxf6 23. Ng5 e5 24. Nf7 Bd6 25. b4 cxb4 26. axb4 Nxb4 27. fxe5 Bxe5 28.
Nxe5 Rde8 29. Rxb4 axb4 30. Bf4 Kc8 31. Qa4 Qa6 32. Qxb4 1-0

[Event "*** Titled Tuesday Blitz"]
[Site "Chess.com"]
[Date "2021.03.09"]
[Round "3"]
[White "alexrustemov"]
[Black "Aradhya2000"]
[Result "1-0"]
[WhiteElo "2765"]
[BlackElo "2531"]
[TimeControl "180+1"]
[EndTime "10:27:11 PST"]
[Termination "alexrustemov won by resignation"]

1. d4 d5 2. c4 c6 3. Nc3 Nf6 4. e3 Bf5 5. cxd5 cxd5 6. Qb3 Nc6 7. Qxb7 Bd7 8. Qb3 Rb8 9. Qd1 e5 10. dxe5 Nxe5 11. Be2 Bd6 12. Nf3 O-O 13. O-O Qe7 14. Nd4 Rfc8 15. a4 h5 16. Ncb5 Bc5 17. b4 Bxb4 18.
Nxa7 Rc5 19. Nab5 h4 20. h3 Ne4 21. Rb1 Bxb5 22. Nxb5 Rcxb5 23. axb5 Nc3 24. Qc2 Nxb1 25. Qxb1 Nc4 26. Qf5 Qe4 27. Qxe4 dxe4 1-0

[Event "*** Titled Tuesday Blitz"]
[Site "Chess.com"]
[Date "2021.03.09"]
[Round "3"]
[White "Jospem"]
[Black "andrzej"]
[Result "1-0"]
[WhiteElo "2931"]
[BlackElo "2360"]
[TimeControl "180+1"]
[EndTime "10:27:11 PST"]
[Termination "Jospem won by resignation"]

1. e4 c5 2. Nf3 Nc6 3. Nc3 g6 4. Bc4 Bg7 5. d3 e6 6. a3 Nge7 7. Ba2 O-O 8. O-O d5 9. Bf4 Nd4 10. Re1 a6 11. e5 Nxf3+ 12. Qxf3 b5 13. Qe2 Nf5 14. Qd2 Qh4 15. Ne2 Qe7 16. c3 h5 17. d4 Bd7 18. h3 h4 19. Bb1 f6 20.
Bxf5 exf5 21. Nc1 c4 22. exf6 Qxf6 23. Bg5 Qf7 24. Re7 Rae8 25. Rxf7 Kxf7 26. Ne2 Re4 27. f3 Ree8 28. Re1 1-0

[Event "*** Titled Tuesday Blitz"]
[Site "Chess.com"]
[Date "2021.03.09"]
[Round "3"]
[White "Brave_spirit12"]
[Black "abeljusto"]
[Result "1-0"]
[WhiteElo "2577"]
[BlackElo "2171"]
[TimeControl "180+1"]
[EndTime "10:27:12 PST"]
[Termination "Brave_spirit12 won by resignation"]

1. e4 Nf6 2. e5 Nd5 3. d4 d6 4. Nf3 dxe5 5. Nxe5 g6 6. Bc4 c6 7. Qf3 Be6 8. Nc3 Nd7 9. Nxd5 Nxe5 10. dxe5 Bxd5 11.
Bxd5 Qxd5 12. Qxd5 cxd5 13. Be3 Bg7 14. f4 O-O 15. Bd4 e6 16. c3 Rfc8 17. Kd2 b5 18. h4 h5 19. g4 hxg4 20. Rag1 Bh6 21. Ke3 Kg7 22. Rxg4 Rh8 23. h5 Kf8 24. Kf3 Bg7 25. Rgh4 Rxh5 26. Rxh5 gxh5 27. Rxh5 Kg8 28. Rg5 a5 29. f5 Kh7 30. f6 Bh6 31. Rh5 Rg8 32.
Be3 Rg6 33. b3 a4 34. bxa4 bxa4 35. a3 1-0

[Event "*** Titled Tuesday Blitz"]
[Site "Chess.com"]
[Date "2021.03.09"]
[Round "3"]
[White "krzyzan94"]
[Black "shnitez"]
[Result "1-0"]
[WhiteElo "2734"]
[BlackElo "2496"]
[TimeControl "180+1"]
[EndTime "10:27:14 PST"]
[Termination "krzyzan94 won on time"]

1. c4 c5 2. g3 Nf6 3. Bg2 d5 4.
cxd5 Nxd5 5. Nf3 Nc6 6. O-O Nc7 7. b3 e5 8. Bb2 f6 9. e3 Bg4 10. h3 Bh5 11. g4 Bf7 12. d4 exd4 13. exd4 Be7 14.
dxc5 Qxd1 15. Rxd1 Bxc5 16. Nc3 O-O 17. Ne4 Be7 18. Rd7 Rac8 19. Nd6 Bxd6 20. Rxd6 Rcd8 21. Rad1 Rxd6 22. Rxd6 Nd5 23. Nd4 Ndb4 24. Nxc6 Nxc6 25. Bxc6 bxc6 26. Rxc6 Rd8 27. Rc7 a6 28. Ba3 h6 29.
Bc5 Rd1+ 30. Kh2 Rd2 31. b4 Rxa2 32. Kg3 Rb2 33. Kf4 Rb3 34. h4 Rc3 35. g5 hxg5+ 36.
hxg5 Rc4+ 37. Kf5 fxg5 38. Kxg5 Re4 39. f4 Re1 40. Bd6 Rg1+ 41. Kf5 Bg6+ 42. Ke6 Re1+ 43. Be5 Kf8 44. Rc8+ Be8 45. Ra8 g6 46. Rxa6 Bf7+ 47. Kf6 Be8 48. Ra8 1-0

[Event "*** Titled Tuesday Blitz"]
[Site "Chess.com"]
[Date "2021.03.09"]
[Round "3"]
[White "dusanacns"]
[Black "Chamal_Gedgafov"]
[Result "1-0"]
[WhiteElo "2711"]
[BlackElo "2273"]
[TimeControl "180+1"]
[EndTime "10:27:19 PST"]
[Termination "dusanacns won by resignation"]

1. e4 e6 2. d4 d5 3. Nd2 a6 4. Ngf3 c5 5. dxc5 Bxc5 6. Bd3 Nc6 7. a3 Nf6 8. O-O dxe4 9. Nxe4 Be7 10. Bf4 b5 11. a4 b4 12. Qe2 Bb7 13. Rad1 Qa5 14.
Nd6+ Bxd6 15. Bxd6 Rd8 16. Bc4 Rxd6 17. Rxd6 Qc7 18. Rfd1 O-O 19. Bxa6 Bxa6 20. Qxa6 Ne7 21. R6d2 Ned5 22. Qe2 b3 23. cxb3 Rb8 24. Qc4 Qb7 25.
Rc1 h6 26. h3 Qxb3 27. Qxb3 Rxb3 28. a5 Rb4 29. Ra1 Rb7 30. a6 Ra7 31. Nd4 Ne4 32. Rc2 Nb4 33. Rc8+ Kh7 34. Ra4 Nxa6 35. Nc6 Rc7 36.
Rxc7 Nxc7 37. Rxe4 1-0

[Event "*** Titled Tuesday Blitz"]
[Site "Chess.com"]
[Date "2021.03.09"]
[Round "3"]
[White "TooOldTooSlow70"]
[Black "barbara25"]
[Result "0-1"]
[WhiteElo "2498"]
[BlackElo "2262"]
[TimeControl "180+1"]
[EndTime "10:27:19 PST"]
[Termination "barbara25 won by checkmate"]

1. Nf3 Nf6 2. c4 e6 3. Nc3 c6 4.
e4 d6 5. d4 Be7 6. Bd3 O-O 7. Qc2 h6 8. e5 dxe5 9. dxe5 Nfd7 10. g4 c5 11. Bf4 Nc6 12. h4 Nd4 13. Nxd4 cxd4 14. Ne4 Qa5+ 15. Ke2 Nxe5 16. b4 Qc7 17. g5 h5 18. Rag1 Bxb4 19. Nf6+ Kh8 20. Nxh5 Bd6 21. g6 Nxd3 22. Qxd3 Bxf4 23. gxf7 Qe5+ 24.
Kd1 Qxh5+ 25. Kc2 e5 26. Kb3 Bf5 27. Qf1 Qf3+ 28. Kb4 Qc3+ 29. Kc5 Rac8+ 30. Kd6 e4+ 31. Ke7 Qb4+ 32. c5 Qxc5# 0-1

[Event "*** Titled Tuesday Blitz"]
[Site "Chess.com"]
[Date "2021.03.09"]
[Round "3"]
[White "wonderfultime"]
[Black "jposthuma"]
[Result "1-0"]
[WhiteElo "2983"]
[BlackElo "2657"]
[TimeControl "180+1"]
[EndTime "10:27:21 PST"]
[Termination "wonderfultime won on time"]

1. d4 Nf6 2. Nf3 b6 3. Bf4 Bb7 4. e3 g6 5. Be2 Bg7 6. O-O O-O 7. a4 a6 8. c4 d5 9. Nc3 Nc6 10. cxd5 Nxd5 11. Nxd5 Qxd5 12. Bxc7 b5 13. axb5 axb5 14. Rc1 Rfc8 15. Rc5 Qa2 16. Bg3 b4 17. Qd2 b3 18.
Rfc1 e6 19. h4 h6 20. Bd3 Bf8 21. R5c4 Bb4 22. Qe2 Na5 23. Rxc8+ Rxc8 24. Rxc8+ Bxc8 25. Ne5 Qa1+ 26. Kh2 Qe1 27. Qf3 f5 28. Qa8 Qc1 29. Ba6 1-0

[Event "*** Titled Tuesday Blitz"]
[Site "Chess.com"]
[Date "2021.03.09"]
[Round "3"]
[White "redblizzard"]
[Black "nrvisakh"]
[Result "0-1"]
[WhiteElo "2456"]
[BlackElo "2769"]
[TimeControl "180+1"]
[EndTime "10:27:24 PST"]
[Termination "nrvisakh won by checkmate"]

1. e4 c5 2. Nf3 e6 3. d4 cxd4 4. Nxd4 a6 5. Bd3 Qc7 6. O-O Nf6 7. c4 Nc6 8. Nxc6 dxc6 9. Nc3 e5 10. Be3 Ng4 11. Bg5 h6 12. Bc1 Bc5 13. Qe2 Be6 14. h3 Nf6 15. Be3 Bxe3 16. Qxe3 Rd8 17. c5 O-O 18. b4 Rd4 19. a3 Rfd8 20. Be2 a5 21.
Rab1 Bc4 22. Bxc4 Rxc4 23. f4 exf4 24. Qf3 Rdd4 25. bxa5 Rxc5 26. Ne2 Rxe4 27. Nxf4 Rf5 28. g3 g5 29. Nd5 cxd5 30. Qxf5 Qxg3+ 31. Kh1 Re2 32.
Rxb7 Rh2# 0-1

[Event "*** Titled Tuesday Blitz"]
[Site "Chess.com"]
[Date "2021.03.09"]
[Round "3"]
[White "bogcsab"]
[Black "PavelChernomordik"]
[Result "0-1"]
[WhiteElo "2172"]
[BlackElo "2376"]
[TimeControl "180+1"]
[EndTime "10:27:25 PST"]
[Termination "PavelChernomordik won on time"]

1. e4 g6 2. d4 Bg7 3. c4 Nc6 4. Ne2 e5 5. Be3 exd4 6. Nxd4 Qf6 7. Nxc6 dxc6 8. Nc3 Qe7 9. Bd3 Nf6 10. f3 O-O 11. Qc2 Nh5 12. g4 Nf6 13. O-O-O a6 14. h4 h5 15. g5 Nd7 16. f4 Nc5 17. Bxc5 Qxc5 18. f5 Be5 19. f6 Bg4 20. Be2 Be6 21. Rdg1 Bxc4 22. Bxh5 Qe3+ 23. Kd1 Rad8+ 24. Nd5 cxd5 0-1

[Event "*** Titled Tuesday Blitz"]
[Site "Chess.com"]
[Date "2021.03.09"]
[Round "3"]
[White "andriipalchuk"]
[Black "hansen"]
[Result "0-1"]
[WhiteElo "2557"]
[BlackElo "2851"]
[TimeControl "180+1"]
[EndTime "10:27:28 PST"]
[Termination "hansen won by resignation"]

1. d4 Nf6 2. c4 g6 3. Nf3 Bg7 4. g3 O-O 5. Bg2 d5 6. O-O dxc4 7. Na3 c3 8. bxc3 c5 9. e3 Nc6 10. Qe2 Bf5 11. Rd1 cxd4 12. cxd4 Be4 13. Bd2 Rc8 14. Rac1 Qd5 15. Nb5 Qxa2 16. Nc3 Qb2 17.
Nxe4 Nxe4 18. Ne5 Nxd4 19. exd4 Rxc1 20. Bxe4 Rxd1+ 21. Qxd1 Qxd4 0-1

[Event "*** Titled Tuesday Blitz"]
[Site "Chess.com"]
[Date "2021.03.09"]
[Round "3"]
[White "real_karma"]
[Black "Ekose"]
[Result "1/2-1/2"]
[WhiteElo "2373"]
[BlackElo "2537"]
[TimeControl "180+1"]
[EndTime "10:27:28 PST"]
[Termination "Game drawn by agreement"]

1. b3 e5 2. Bb2 Nc6 3. e3 d6 4. Nf3 g6 5. Bb5 Bg7 6. O-O Bd7 7. d4 Nge7 8. dxe5 Nxe5 9. Bxd7+ Qxd7 10. Nxe5 Bxe5 11.
Bxe5 dxe5 12. Qxd7+ Kxd7 13. Rd1+ Ke6 14. Nc3 f5 15. e4 f4 16. Nd5 Nxd5 17. Rxd5 Rhd8 18.
Rad1 Rd6 19. Rxd6+ cxd6 20. c4 Rc8 21. Kf1 Rc5 22.
Ke2 b5 23. Rd5 bxc4 24. Rxc5 dxc5 25. bxc4 g5 26. f3 h5 27. h3 Kd6 28. Kd3 Kc6 29. Kc3 Kb6 30. Kb3 Ka6 31. Ka4 Kb6 32. a3 Ka6 33.
Kb3 Kb6 34. a4 a5 35. Kc3 Kc6 36. Kd3 Kd6 37. Ke2 Ke6 38. Kf2 Kf6 39. Kg1 h4 40. Kf2 Ke6 41. Ke2 Kf6 42. Kf2 1/2-1/2

[Event "*** Titled Tuesday Blitz"]
[Site "Chess.com"]
[Date "2021.03.09"]
[Round "3"]
[White "pirulillo"]
[Black "Gusarov91"]
[Result "0-1"]
[WhiteElo "2248"]
[BlackElo "2533"]
[TimeControl "180+1"]
[EndTime "10:27:30 PST"]
[Termination "Gusarov91 won by resignation"]

1. e4 c5 2. Nf3 d6 3. d4 cxd4 4. Nxd4 Nf6 5. Nc3 a6 6. Be2 e5 7. Nb3 Be7 8. Be3 O-O 9. g4 Be6 10. g5 Nfd7 11. Qd2 Nc6 12. h4 Rc8 13. O-O-O b5 14. Nd5 Bxd5 15. exd5 Ncb8 16. Kb1 Nb6 17. Na5 Na4 18. Bf3 Nc3+ 19. bxc3 Qxa5 20. Kb2 Nd7 21. Bg4 Rc7 22. Bxd7 Rxd7 23. c4 Qxd2 24. Rxd2 bxc4 25. Kc3 Rc8 26. Rb1 Bd8 27. Re2 Ba5+ 28. Kb2 Rb7+ 29. Kc1 Rxb1+ 30. Kxb1 Rb8+ 31. Kc1 Rb5 0-1

[Event "*** Titled Tuesday Blitz"]
[Site "Chess.com"]
[Date "2021.03.09"]
[Round "3"]
[White "BrandonJacobson"]
[Black "Kildepiotr"]
[Result "1-0"]
[WhiteElo "2929"]
[BlackElo "2570"]
[TimeControl "180+1"]
[EndTime "10:27:32 PST"]
[Termination "BrandonJacobson won by resignation"]

1. d4 c5 2. d5 e5 3. Nc3 d6 4. e4 Be7 5. Nf3 a6 6. a4 Bg4 7.
Bd3 Nd7 8. a5 Bxf3 9. Qxf3 Bg5 10. Bxg5 Qxg5 11. Qg3 Qxg3 12. hxg3 Ne7 13. Nd1 O-O 14.
Ne3 b5 15. axb6 Nxb6 16. Ra5 g6 17. g4 Kg7 18. Ke2 f5 19. exf5 Nexd5 20. Nxd5 Nxd5 21. g3 Ne7 22. fxg6 hxg6 23. Rha1 Nc6 24. Rxa6 Rxa6 25.
Rxa6 Nd4+ 26. Kf1 Rd8 27. c3 Ne6 28. b4 cxb4 29. cxb4 Kf6 30. b5 g5 31. Ra7 Nc5 32.
Be2 d5 33. Rc7 Ne4 34. b6 Rb8 35. b7 Nd6 36. Ba6 d4 37. Rc8 Rxb7 38. Bxb7 Nxb7 39. Rc6+ 1-0

[Event "*** Titled Tuesday Blitz"]
[Site "Chess.com"]
[Date "2021.03.09"]
[Round "3"]
[White "Andrii_Prydun"]
[Black "NefeLV"]
[Result "1-0"]
[WhiteElo "2281"]
[BlackElo "1810"]
[TimeControl "180+1"]
[EndTime "10:27:34 PST"]
[Termination "Andrii_Prydun won by resignation"]

1. d4 g6 2. Nc3 Bg7 3. Bf4 Nf6 4. Qd2 O-O 5. Bh6 a6 6. f3 b5 7. g4 b4 8. Na4 Bb7 9. e4 Nxg4 10. Bxg7 Kxg7 11.
fxg4 Bxe4 12. Bg2 Bxg2 13. Qxg2 Nc6 14. O-O-O Na5 15. h4 Nc4 16. h5 g5 17. h6+ Kh8 18. Nf3 Rg8 19. Ne5 Nxe5 20. dxe5 d6 21. Qf3 Qe8 22.
b3 dxe5 23. Qf5 f6 24. Rd7 Rg6 25. Nc5 a5 26. Rhd1 a4 27. Ne6 Qf7 28. Nd8 Qe8 29. Qe6 f5 30. Qxe7 Qxe7 31. Rxe7 fxg4 32. Re8+ 1-0

[Event "*** Titled Tuesday Blitz"]
[Site "Chess.com"]
[Date "2021.03.09"]
[Round "3"]
[White "GOGIEFF"]
[Black "MasterKroket"]
[Result "1-0"]
[WhiteElo "2871"]
[BlackElo "2470"]
[TimeControl "180+1"]
[EndTime "10:27:36 PST"]
[Termination "GOGIEFF won by resignation"]

1. d4 Nf6 2. c4 e6 3. Nc3 Bb4 4. e3 O-O 5. Bd3 d5 6. Nf3 c5 7. O-O Bxc3 8. bxc3 dxc4 9. Bxc4 Qc7 10. Bd3 Nc6 11. e4 cxd4 12. cxd4 Rd8 13. e5 Nd7 14.
Ba3 Nf8 15. Rc1 Qa5 16. Bd6 h6 17. Qe2 Bd7 18. Rc5 Qa4 19. Qe4 g6 20. Qf4 Be8 21. Qxh6 Rxd6 22. exd6 Nxd4 23. Ng5 Bc6 24. Nh7 Nxh7 25.
Rh5 Ne2+ 26. Bxe2 Qd4 27. Qxh7+ 1-0

[Event "*** Titled Tuesday Blitz"]
[Site "Chess.com"]
[Date "2021.03.09"]
[Round "3"]
[White "marianokar"]
[Black "SantoBlue"]
[Result "0-1"]
[WhiteElo "2466"]
[BlackElo "2845"]
[TimeControl "180+1"]
[EndTime "10:27:36 PST"]
[Termination "SantoBlue won by resignation"]

1. d4 Nf6 2. c4 g6 3. Nc3 Bg7 4. e4 O-O 5. Be2 d6 6. Be3 Nc6 7. Nf3 Bg4 8. d5 Bxf3 9. Bxf3 Ne5 10. Be2 c6 11. dxc6 bxc6 12. O-O Qa5 13. f4 Ned7 14. Qc2 h5 15. Kh1 Rab8 16. Rab1 Ng4 17. Bd2 Qc5 18. Bxg4 hxg4 19. Qd3 Qh5 20. b4 a5 21. b5 Nc5 22. Qe2 cxb5 23. cxb5 Bd4 24. Nd5 Kg7 25. Be3 Bxe3 26. Qxe3 Rh8 27. h3 gxh3 28. g3 h2 29. Nxe7 Rbe8 30. Qd4+ f6 31. Nd5 Nxe4 32. Rb3 Qe2 33. Rc1 Nf2+ 0-1

[Event "*** Titled Tuesday Blitz"]
[Site "Chess.com"]
[Date "2021.03.09"]
[Round "3"]
[White "fm_magua"]
[Black "Alex-11211"]
[Result "1-0"]
[WhiteElo "2582"]
[BlackElo "2404"]
[TimeControl "180+1"]
[EndTime "10:27:37 PST"]
[Termination "fm_magua won by resignation"]

1. e4 c5 2. Nf3 g6 3. d4 Bg7 4.
Nc3 cxd4 5. Nxd4 Nc6 6. Nde2 Nf6 7. g3 O-O 8. Bg2 d6 9. O-O Bd7 10. h3 Rc8 11. Nd5 Ne5 12. a4 Bc6 13. Ra2 h6 14. b3 b6 15. c4 Bb7 16. Nd4 a6 17. Be3 Ned7 18. Rd2 Kh7 19. Re1 Ne8 20. Qe2 Nc5 21.
Qd1 Ba8 22. Qb1 Qd7 23. Red1 Qa7 24. Kh2 Nf6 25. f4 Nxd5 26. exd5 Qd7 27. f5 Bb7 28.
Rf2 Be5 29. Rdf1 Kg7 30. b4 Nxa4 31. fxg6 fxg6 32. Ne6+ Kg8 33. Qxg6+ 1-0

[Event "*** Titled Tuesday Blitz"]
[Site "Chess.com"]
[Date "2021.03.09"]
[Round "3"]
[White "Soltan49"]
[Black "CM_rui"]
[Result "0-1"]
[WhiteElo "2202"]
[BlackElo "2392"]
[TimeControl "180+1"]
[EndTime "10:27:38 PST"]
[Termination "CM_rui won by resignation"]

1. d4 Nf6 2. c4 e6 3. Nf3 Bb4+ 4. Nc3 O-O 5. Bg5 d6 6. Qb3 a5 7. a3 Bxc3+ 8. Qxc3 h6 9. Bh4 Qe7 10. Qc2 b6 11. e4 e5 12. d5 a4 13. h3 Nbd7 14.
g4 Nc5 15. Nd2 Bd7 16. Be2 c6 17. Rg1 cxd5 18. exd5 g5 19. Bg3 Nh7 20. h4 e4 21.
hxg5 Nxg5 22. O-O-O e3 23. fxe3 Qxe3 24. Rde1 Nb3+ 25. Kd1 Qd4 26. Bd3 Bxg4+ 27. Be2 Bxe2+ 28. Rxe2 Qxg1+ 0-1

[Event "*** Titled Tuesday Blitz"]
[Site "Chess.com"]
[Date "2021.03.09"]
[Round "3"]
[White "MagzyPotato"]
[Black "MerryPoppies"]
[Result "0-1"]
[WhiteElo "2342"]
[BlackElo "2196"]
[TimeControl "180+1"]
[EndTime "10:27:38 PST"]
[Termination "MerryPoppies won by resignation"]

1. d4 d5 2. c4 e5 3. dxe5 d4 4. Nf3 Nc6 5. a3 a5 6. e3 Bc5 7.
exd4 Bxd4 8. Nxd4 Qxd4 9. Qxd4 Nxd4 10. Bd3 Nb3 11. Nd2 Nxa1 12. a4 Bd7 13. b3 Ne7 14. Bb2 O-O-O 15. Bxa1 Bf5 16. Bxf5+ Nxf5 17. Nf3 Rhe8 18.
Ke2 f6 19. g4 Nh6 20. h3 fxe5 21. Ng5 Rd7 22. Ne4 Nf7 23. h4 b6 24. h5 Nd6 25.
Nc3 Red8 26. Nd5 Nf7 27. Ke3 Kb7 28. Re1 c6 29. Nc3 Rd3+ 30. Ke4 Ng5+ 31. Kf5 Nf3 32. Rb1 Rf8+ 33. Ke4 Rfd8 34. Kf5 Nd2 35. Re1 Rf3+ 36. Kxe5 Re8+ 0-1

[Event "*** Titled Tuesday Blitz"]
[Site "Chess.com"]
[Date "2021.03.09"]
[Round "3"]
[White "vinniethepooh"]
[Black "ChrisTool2"]
[Result "1-0"]
[WhiteElo "2715"]
[BlackElo "2341"]
[TimeControl "180+1"]
[EndTime "10:27:39 PST"]
[Termination "vinniethepooh won by resignation"]

1. d4 Nf6 2. c4 e6 3. Nc3 d5 4.
cxd5 exd5 5. Bg5 Bb4 6. e3 c5 7.
Ne2 Nbd7 8. a3 Bxc3+ 9. Nxc3 Qb6 10. Qd2 cxd4 11. exd4 O-O 12. Be2 Re8 13. O-O Ne4 14. Nxe4 Rxe4 15. Bd3 Re8 16. Rfe1 Rf8 17. Be7 Re8 18.
Bc5 Qd8 19. Rxe8+ Qxe8 20. Re1 Qd8 21. Qg5 f6 22. Qxd5+ Kh8 23. Qh5 f5 24. Re8+ 1-0